 Dungeon Crawl Stone Soup version 0.28.0 (webtiles) character file.

Game seed: 17409010721971563551

650417 FLACIDUS the Metallomancer (level 27, -15/133 (153) HPs)
             Began as a Gargoyle Earth Elementalist on Feb 7, 2022.
             Was the Champion of Vehumet.
             Killed from afar by an iron giant (83 damage)
             ... with an iron shot
             ... on level 5 of the Iron City of Dis on Feb 8, 2022.
             The game lasted 04:18:11 (94978 turns).

FLACIDUS the Metallomancer (GrEE)                  Turns: 94978, Time: 04:18:12

HP:   -15/133 (153) AC: 25    Str: 16      XL:     27
MP:   0/49          EV: 11    Int: 29 (32) God:    Vehumet [******]
Gold: 6713          SH: 22    Dex: 19      Spells: 8/71 levels left

rFire   + + .      SeeInvis .   a - staff of conjuration
rCold   + . .      Faith    .   H - +3 kite shield {rC+}
rNeg    + + .      Spirit   .   y - +2 robe {Archmagi}
rPois   ∞          Reflect  +   X - +1 hat of Cocytus {+Blink Dex+3}
rElec   +          Harm     .   E - +0 cloak "Ykhlunaxu" {rC+}
rCorr   +          Rampage  .   u - +0 pair of gloves of Wefrealu {Regen+ rCorr}
Will    ++...      Archmagi +   U - +2 pair of boots
Stlth   ++........              C - amulet of reflection
HPRegen 1.12/turn               G - ring of fire
MPRegen 0.31/turn               p - ring of Compulsion {rF+ rN+ Str+3 Int+3 Dex+6}

@: flying, studying 4 skills, heavily drained, corroded
A: sickness immunity, AC +20, big wings, negative energy resistance 1,
electricity resistance, torment resistance 1, petrification resistance
}: 4/15 runes: serpentine, barnacled, slimy, silver
a: Renounce Religion, Evoke Blink


You were on level 5 of the Iron City of Dis.
You worshipped Vehumet.
Vehumet was exalted by your worship.
You visited 14 branches of the dungeon, and saw 62 of its levels.
You visited the Abyss 3 times.
You also visited: Wizlab.

You collected 10191 gold pieces.
You spent 3478 gold pieces at shops.

Inventory:

Hand Weapons
 e - the +6 Majin-Bo {vamp, MP+6 Int+6}
   (You took it off a centaur warrior on level 8 of the Dungeon)

   It occasionally heals its wielder for a portion of the damage dealt when they
   wound a living foe with it or with a spell.
   Its wielder's spells cost health as well as magical power.
   Int:       It affects your intelligence (+6).
   MP:        It affects your magic capacity (+6).
Missiles
 c - 2209 stones
 Q - 8 throwing nets
Armour
 o - a +2 robe of willpower
 r - the +1 pair of gloves "Mummojing" {Rampage +Blink Str-3 Int+2}
   (You found it on level 2 of the Crypt)

   Str:       It affects your strength (-3).
   Int:       It affects your intelligence (+2).
   +Blink:    It lets you blink.
   Rampage:   It bestows one free step when moving towards enemies.
 u - the +0 pair of gloves of Wefrealu (worn) {Regen+ rCorr}
   (You found it on level 3 of the Depths)

   Regen:     It increases your rate of health regeneration.
   rCorr:     It protects you from acid and corrosion.
 y - a +2 robe of the Archmagi (worn)
 E - the +0 cloak "Ykhlunaxu" (worn) {rC+}
   (You found it on level 5 of the Pits of Slime)

   rC:        It protects you from cold.
 H - a +3 kite shield of cold resistance (worn)
 J - a +2 pair of gloves of strength
 R - a +1 cloak of poison resistance
 U - a +2 pair of boots (worn)
 X - the +1 hat of Cocytus (worn) {+Blink Dex+3}
   (You found it on level 2 of the Vaults)

   Dex:       It affects your dexterity (+3).
   +Blink:    It lets you blink.
Magical Staves
 a - a staff of conjuration (weapon)
 K - a staff of earth
Jewellery
 b - a +6 ring of intelligence
 g - the ring of Qaenioch {rElec rC+ rN++ Dex+4}
   (You took it off an ironbound preserver on level 5 of the Vaults)

   [ring of protection from cold]

   Dex:       It affects your dexterity (+4).
   rC:        It protects you from cold.
   rElec:     It insulates you from electricity.
   rN:        It greatly protects you from negative energy.
 n - the ring "Lumijys" {Fly rPois rF+ rC+}
   (You bought it in a shop on level 11 of the Dungeon)

   [ring of flight]

   rF:        It protects you from fire.
   rC:        It protects you from cold.
   rPois:     It protects you from poison.
   Fly:       It grants you flight.
 p - the ring of Compulsion (right hand) {rF+ rN+ Str+3 Int+3 Dex+6}
   (You found it on level 1 of the Elven Halls)

   [ring of dexterity]

   Str:       It affects your strength (+3).
   Int:       It affects your intelligence (+3).
   Dex:       It affects your dexterity (+6).
   rF:        It protects you from fire.
   rN:        It protects you from negative energy.
 B - a ring of magical power
 C - an amulet of reflection (around neck)
 G - a ring of fire (left hand)
 M - the ring "Mugess" {rF+ Will+ Str+4}
   (You found it on level 2 of the Depths)

   [ring of protection from fire]

   Str:       It affects your strength (+4).
   rF:        It protects you from fire.
   Will:      It increases your willpower.
 P - a ring of see invisible
 V - a ring of wizardry
Wands
 d - a wand of digging (12)
 t - a wand of acid (24)
 A - a wand of flame (8)
 S - a wand of iceblast (5)
Scrolls
 h - 7 scrolls of enchant weapon
 l - 4 scrolls of blinking
 m - 34 scrolls of identify
 s - 15 scrolls of fear
 v - 2 scrolls of holy word
 z - 7 scrolls of summoning
 D - 11 scrolls of teleportation
 I - 5 scrolls of fog
 L - 10 scrolls of enchant armour
 N - 2 scrolls of amnesia
 O - 3 scrolls of silence
 Y - 2 scrolls of magic mapping
Potions
 f - 22 potions of curing
 i - 9 potions of heal wounds
 j - 5 potions of invisibility
 k - 5 potions of resistance
 q - 12 potions of mutation
 w - 6 potions of ambrosia
 x - 8 potions of cancellation
 F - 7 potions of brilliance
 W - 6 potions of haste
 Z - 5 potions of magic


   Skills:
 - Level 10.4 Fighting
 + Level 12.1 Armour
 - Level 1.5 Dodging
 - Level 2.1 Stealth
 - Level 15.0 Shields
 * Level 22.8 Spellcasting
 + Level 25.5 Conjurations
 - Level 0.7 Transmutations
 * Level 24.2 Fire Magic
 * Level 26.7 Earth Magic


You had 8 spell levels left.
You knew the following spells:

 Your Spells              Type           Power      Damage    Failure   Level
a - Sandblast             Erth           100%       2d20      0%          1
b - Ignition              Fire           78%        3d20      1%          8
c - Passwall              Tmut/Erth      88%        N/A       0%          2
d - Swiftness             Air            49%        N/A       5%          3
e - Iron Shot             Conj/Erth      80%        9d15      0%          6
f - Orb of Destruction    Conj           79%        9d18      1%          7
g - Fire Storm            Conj/Fire      92%        8d23      1%          9
h - Fireball              Conj/Fire      92%        3d34      0%          5
i - Lehudib's Crystal Sp  Conj/Erth      80%        10d18     1%          8
j - Shatter               Erth           68%        3d50*     1%          9
k - Borgnjor's Vile Clut  Necr/Erth      52%        N/A       1%          5

Your spell library contained the following spells:

 Spells                   Type           Power      Damage    Failure   Level
 Maxwell's Capacitive Co  Air            24%        ∞         100%        8
 Foxfire                  Conj/Fire      100%       2x1d9     0%          1
 Magic Dart               Conj           100%       1d8       0%          1
 Shock                    Conj/Air       100%       1d9       0%          1
 Static Discharge         Conj/Air       100%       N/A       0%          2
 Conjure Flame            Conj/Fire      100%       6-21      0%          3
 Stone Arrow              Conj/Erth      100%       3d13      0%          3
 Flame Wave               Conj/Fire      100%       2d17      0%          4
 Sticky Flame             Conj/Fire      100%       2d11      0%          4
 Iskenderun's Battlesphe  Conj           100%       2d15      0%          5
 Starburst                Conj/Fire      92%        6d23      0%          6
 Animate Skeleton         Necr           98%        N/A       1%          1
 Apportation              Tloc           98%        N/A       1%          1
 Freeze                   Ice            100%       1d11      1%          1
 Pain                     Necr           100%       1d9       1%          1
 Summon Small Mammal      Summ           100%       N/A       1%          1
 Poisonous Vapours        Pois/Air       98%        N/A       1%          2
 Wereblood                Tmut           54%        N/A       1%          2
 Dazzling Flash           Conj/Hex       100%       N/A       1%          3
 Frozen Ramparts          Ice            98%        1d11      1%          3
 Ignite Poison            Fire/Tmut/Pois 100%       N/A       1%          3
 Inner Flame              Hex/Fire       100%       N/A       1%          3
 Mephitic Cloud           Conj/Pois/Air  100%       N/A       1%          3
 Animate Armour           Summ/Erth      100%       N/A       1%          4
 Hailstorm                Conj/Ice       100%       3d20      1%          4
 Iskenderun's Mystic Bla  Conj/Tloc      100%       2d19      1%          4
 Leda's Liquefaction      Hex/Erth       52%        N/A       1%          4
 Petrify                  Tmut/Erth      100%       N/A       1%          4
 Freezing Cloud           Conj/Ice/Air   55%        6-21      1%          5
 Irradiate                Conj/Tmut      64%        3d35      1%          5
 Lightning Bolt           Conj/Air       63%        1d87      1%          5
 Conjure Ball Lightning   Conj/Air       63%        3x3d23    1%          6
 Call Imp                 Summ           49%        N/A       2%          2
 Corpse Rot               Necr/Air       98%        N/A       2%          2
 Ensorcelled Hibernation  Hex/Ice        98%        N/A       2%          2
 Spellforged Servitor     Conj/Summ      63%        N/A       2%          7
 Spider Form              Tmut/Pois      51%        N/A       4%          3
 Airstrike                Air            24%        N/A       4%          4
 Olgreb's Toxic Radiance  Pois           49%        N/A       4%          4
 Call Canine Familiar     Summ           49%        N/A       5%          3
 Gell's Gravitas          Tloc           49%        N/A       5%          3
 Lesser Beckoning         Tloc           49%        N/A       5%          3
 Portal Projectile        Hex/Tloc       98%        N/A       5%          3
 Teleport Other           Tloc           49%        N/A       5%          3
 Tukima's Dance           Hex            49%        N/A       5%          3
 Yara's Violent Unravell  Hex/Tmut       25%        3d11      11%         5
 Ice Form                 Ice/Tmut       51%        N/A       16%         4
 Anguish                  Hex/Necr       24%        N/A       17%         4
 Animate Dead             Necr           24%        N/A       17%         4
 Cause Fear               Hex            24%        N/A       17%         4
 Dispel Undead            Necr           49%        3d18      17%         4
 Passage of Golubria      Tloc           49%        N/A       17%         4
 Summon Ice Beast         Ice/Summ       49%        N/A       17%         4
 Summon Lightning Spire   Summ/Air       49%        N/A       17%         4
 Blade Hands              Tmut           27%        N/A       34%         5
 Alistair's Intoxication  Tmut/Pois      34%        N/A       38%         5
 Agony                    Necr           49%        N/A       43%         5
 Excruciating Wounds      Necr           24%        N/A       43%         5
 Silence                  Hex/Air        24%        N/A       43%         5
 Summon Forest            Summ/Tloc      24%        N/A       43%         5
 Eringya's Noxious Bog    Tmut/Pois      25%        N/A       50%         6
 Death Channel            Necr           24%        N/A       95%         6
 Dispersal                Tloc           24%        N/A       95%         6
 Simulacrum               Ice/Necr       24%        N/A       95%         6
 Ozocubu's Refrigeration  Ice            24%        4d9       96%         7
 Dragon Form              Tmut           27%        N/A       100%        7
 Malign Gateway           Summ/Tloc      24%        N/A       100%        7
 Summon Hydra             Summ           24%        N/A       100%        7
 Borgnjor's Revivificati  Necr           24%        N/A       100%        8
 Infestation              Necr           24%        N/A       100%        8
 Necromutation            Tmut/Necr      25%        N/A       100%        8
 Chain Lightning          Conj/Air       63%        3d84      90%         9
 Death's Door             Necr           24%        N/A       100%        9
 Dragon's Call            Summ           24%        N/A       100%        9
 Polar Vortex             Ice            24%        N/A       100%        9
 Statue Form              Tmut/Erth      Unusable   N/A       N/A         6
 Sublimation of Blood     Necr           Unusable   N/A       N/A         2

Dungeon Overview and Level Annotations

Branches:
Dungeon (15/15)            Temple (1/1) D:7            Lair (6/6) D:11
 Shoals (4/4) Lair:3        Snake (4/4) Lair:3        Slime (5/5) Lair:5
    Orc (2/2) D:9             Elf (3/3) Orc:2        Vaults (5/5) D:13
  Crypt (3/3) Vaults:2       Tomb (0/3) Crypt:3      Depths (4/4) D:15
   Hell (visited)             Dis (5/7) Hell            Geh (0/7) Hell
    Coc (0/7) Hell            Tar (0/7) Hell            Zot (4/5) Depths:4
 WizLab (visited)

Altars:
Ashenzari
Cheibriados
Dithmenos
Elyvilon
Fedhas
Gozag
Kikubaaqudgha
Makhleb
Okawaru
Qazlal
Sif Muna
Trog
Vehumet
Wu Jian
Xom
Yredelemnul
Beogh
Jiyva

Shops:
D:2 =   D:4 =   D:11 ?=:(   D:12 *   D:13 [   D:14 (   Orc:2 *([*=   Elf:1 ?(
Elf:2 [!(   Elf:3 (   Shoals:1 !:   Snake:3 :!*   Vaults:1 (   Vaults:5 *
Zot:3 *

Portals:
Hell: Depths:1 Depths:2 Depths:3 Depths:4
Abyss: Depths:3
Pandemonium: Depths:2 Depths:3
Ziggurat: Depths:1
Trove: D:11 (show abyssal rune of Zot)

Annotations:
Depths:2 2 transporters


Innate Abilities, Weirdness & Mutations

You are immune to sickness and miasma.
Your stone body is resilient. (AC +20)
You are immune to poison.
Your large and strong wings let you fly.
You resist negative energy. (rN+)
You are resistant to electric shocks. (rElec)
You are resistant to unholy torment.
You are immune to petrification.


Message History

You feel a strong surge of power!
The crystal spear hits the iron golem!!!!
The iron golem is heavily damaged.
An iron golem is nearby!
Casting: Lehudib's Crystal Spear (mildly dangerous; 1% risk of failure)
Confirm with . or Enter, or press ? or * to list all spells.
Aiming: Lehudib's Crystal Spear (mildly dangerous; 1% risk of failure)
Press: ? - help, Shift-Dir - straight line, f/p - iron golem
Aim: an iron golem (heavily damaged, 95% to hit)
You feel a strong surge of power!
The crystal spear hits the iron golem!!!!
The iron golem is severely damaged.
A quicksilver elemental comes into view.
Casting: Lehudib's Crystal Spear (mildly dangerous; 1% risk of failure)
Confirm with . or Enter, or press ? or * to list all spells.
Aiming: Lehudib's Crystal Spear (mildly dangerous; 1% risk of failure)
Press: ? - help, Shift-Dir - straight line, f/p - iron golem
Aim: an iron golem (severely damaged, 95% to hit)
You feel a strong surge of power!
The crystal spear hits the iron golem!!!!
The iron golem is almost destroyed.
There are monsters nearby!
The quicksilver elemental breathes dispelling energy at you.
The bolt of dispelling energy hits you!!!
You block the iron golem's attack. x2
The quicksilver elemental hits you but does no damage.
You block the iron golem's attack. x2
A tormentor and an iron giant come into view.
The tormentor calls on the powers of darkness!
The iron giant convulses!
Your body is wracked with pain!
The tormentor grins evilly.
You block the iron golem's attack. x2; The tormentor moves out of view.
The quicksilver elemental closely misses you.
There is a gateway leading out of Dis here.
The quicksilver elemental hits you!
You feel your power leaking away.
The iron giant points at you and mumbles some strange words.
The iron shot hits you!!!!
Ouch! That really hurt!
You die...

### ##.####
#.....#
#...^.#
#.....#
##..### #E9#
+@.# #..#
#..'. #..#...
#####C###
..2.9..###
###.###.###
.###.###....
#####.#####.#


You could see an iron golem, an iron giant, a quicksilver elemental, a war
gargoyle and a tormentor.

Vanquished Creatures
  the Royal Jelly (Slime:5)
  5 dread liches
  2 ancient liches
  Mennas (Crypt:2)
  2 juggernauts (Depths:3)
  Sojobo (Vaults:3)
  The ghost of Roocroe the Impregnable, a veteran MiGl of Hepliaklqana (Crypt:2)
  Vashnia (Snake:4)
  A Killer Klown (Zot:3)
  Saint Roka (Depths:1)
  Geryon (Hell)
  4 caustic shrikes (Dis:4)
  A curse toe (Zot:1)
  A golden dragon (shapeshifter) (Depths:3)
  8 golden dragons
  Nikola (Shoals:3)
  A bone dragon (Depths:4)
  An iron giant (Dis:4)
  5 electric golems
  A walking crystal tome (Depths:3)
  2 hellephants (Vaults:4)
  3 Hell Sentinels
  Rupert (D:15)
  15 tentacled monstrosities
  9 searing wretches (Hell)
  A Cloud Mage (WizLab)
  A titan (Depths:3)
  4 liches
  10 quicksilver dragons
  3 deep elf blademasters (Elf:3)
  4 deep elf master archers (Elf:3)
  10 rockslimes
  Frances (D:13)
  Polyphemus (Shoals:4)
  10 ancient champions
  16 acid blobs
  8 death cobs
  Murray (Hell)
  A tentacled starspawn (Abyss:3)
  5 tengu reavers
  A kraken (Shoals:3)
  7 sphinxes
  15 storm dragons
  Donald (Shoals:4)
  7 shadow dragons
  Ilsuiw (Shoals:2)
  A revenant (Crypt:2)
  10 draconian monks
  Roxanne (Shoals:1)
  9 azure jellies
  7 nagarajas
  8 draconian knights
  7 quicksilver elementals
  16 deep elf sorcerers
  10 vault wardens
  11 frost giants
  4 iron dragons
  11 fire giants
  A balrug (Hell)
  A spectral caustic shrike (Crypt:2)
  12 draconian scorchers
  2 caustic shrike zombies (Hell)
  3 orc warlords
  A cacodemon (Abyss:3)
  Louise (Shoals:4)
  A ghost moth (Zot:2)
  6 draconian shifters
  3 deep elf elementalists (Elf:3)
  8 quicksilver oozes (Slime:5)
  2 curse skulls
  3 ghouls
  18 draconian stormcallers
  6 draconian annihilators
  2 spriggan defenders (Depths:3)
  18 very ugly things
  4 reapers (Hell)
  The ghost of Xiemaice the Destroyer, a journeyman DrFE of Vehumet (Lair:3)
  9 stone giants
  7 ironbound thunderhulks
  19 war gargoyles
  7 deep elf demonologists
  10 vampire knights
  17 ironbound preservers
  13 green draconians
  An ophan (Abyss:3)
  10 black draconians
  6 purple draconians
  11 red draconians
  11 deep elf annihilators (Elf:3)
  An entropy weaver (Vaults:4)
  5 spark wasps
  12 yellow draconians
  2 minotaurs (Shoals:4)
  12 white draconians
  9 deep elf death magi
  The ghost of Luuwnalu the Nimble, a journeyman KoHu of Okawaru (Lair:3)
  A green death (Hell)
  12 ettins
  2 eidola
  7 fire dragons
  7 iron golems
  4 blizzard demons
  Josephine (D:13)
  2 merfolk javelineers (Shoals:2)
  2 crystal guardians
  4 jiangshi
  6 deep elf high priests (Elf:3)
  9 merfolk impalers
  A mummy priest (Hell)
  8 naga warriors
  10 great orbs of eyes
  7 yaktaur captains
  6 rakshasas
  2 salamander tyrants
  5 boulder beetles
  5 ice dragons
  5 ironbound frosthearts
  A juggernaut simulacrum (Crypt:2)
  2 peacekeepers
  15 hydras
  28 vault guards
  An anaconda (shapeshifter) (D:14)
  6 spriggan air magi
  4 catoblepae
  Erolcha (D:11)
  24 centaur warriors
  5 merfolk avatars
  An ogre mage (D:15)
  9 two-headed ogres
  6 anacondas
  A stoker (Hell)
  4 death knights
  5 ghost crabs (WizLab)
  2 fenstrider witch skeletons (Crypt:3)
  5 tengu warriors
  4 merfolk aquamancers
  14 satyrs (Shoals:4)
  2 alligator snapping turtles (Shoals:4)
  A shock serpent (shapeshifter) (Abyss:3)
  12 death yaks
  3 deep troll shamans
  22 dancing weapons
  28 hell knights
  A titan zombie (Crypt:3)
  3 orc high priests (Orc:2)
  5 shock serpents
  3 thrashing horrors
  7 hell hogs
  7 vampire magi
  6 deep troll earth magi
  2 spriggan berserkers
  15 deep elf knights
  11 naga sharpshooters
  5 soul eaters
  2 wretched stars (Abyss:3)
  A storm dragon zombie (Hell)
  A crystal echidna (Dis:5)
  9 iron trolls
  8 sun demons
  5 death drakes (WizLab)
  A sixfirhy (Abyss:3)
  A spatial maelstrom (Abyss:3)
  5 skeletal warriors
  8 sea snakes
  3 spark wasp zombies (Hell)
  4 salamander mystics
  11 flayed ghosts
  A swamp dragon (Lair:6)
  2 golden dragon zombies (Hell)
  3 starcursed masses (Abyss:3)
  A bunyip zombie (Crypt:3)
  5 glowing orange brains
  A sea snake (shapeshifter) (D:15)
  17 deep elf archers
  A spriggan simulacrum (Crypt:2)
  15 lindwurms
  A shadow demon (Abyss:3)
  16 wizards
  61 deep trolls
  22 phantasmal warriors
  Pikel (D:4)
  7 necromancers
  10 orc knights
  8 naga ritualists
  A tengu zombie (Hell)
  31 deep elf zephyrmancers
  17 ironbound convokers
  25 harpies
  2 anaconda skeletons (Hell)
  An eleionoma zombie (Crypt:2)
  28 deep elf pyromancers
  13 manticores
  7 salamanders
  6 shining eyes
  8 mana vipers
  A wolf spider (D:14)
  A fire giant zombie (Hell)
  6 orc sorcerers (Orc:2)
  28 moths of wrath
  2 oklob plants (Lair:3)
  7 cyclopes
  52 ugly things
  9 fauns
  2 spectral centaurs (Crypt:2)
  Maurice (D:11)
  7 guardian serpents
  A stone giant skeleton (Crypt:3)
  2 worldbinders
  44 black mambas
  8 elephants
  2 stone giant zombies
  A titan simulacrum (Crypt:2)
  A dire elephant zombie (Abyss:3)
  2 frost giant skeletons
  6 apocalypse crabs
  A fire giant skeleton (Vaults:1)
  A water nymph (Shoals:2)
  12 merfolk sirens
  15 naga magi
  A water nymph (shapeshifter) (Depths:3)
  17 vault sentinels
  A torpor snail (Lair:2)
  3 eyes of devastation
  7 rust devils (Hell)
  7 gargoyles
  9 smoke demons
  2 death yak zombies
  18 cane toads
  A cane toad (shapeshifter) (Abyss:2)
  An elf skeleton (Vaults:3)
  15 komodo dragons
  Maggie (D:6)
  2 unseen horrors
  2 kobold demonologists
  2 tormentors
  A yaktaur skeleton (Vaults:1)
  2 anaconda simulacra
  3 hellions
  An iron giant simulacrum (Crypt:2)
  2 rime drakes
  3 efreet
  A sea snake zombie (Hell)
  3 tengu conjurers
  17 yaktaurs
  A white draconian skeleton (Crypt:2)
  2 ice devils
  A freezing wraith (D:14)
  A spectral harpy (Crypt:2)
  3 human zombies
  A harpy zombie (Crypt:1)
  4 ancient zymes (Abyss:3)
  A sea snake skeleton (Hell)
  A meliai (D:14)
  A death drake zombie (Crypt:2)
  The ghost of FLACIDUS the Digger, a novice GrEE (D:4)
  10 polar bears
  47 merfolk
  7 trolls
  3 hydra zombies
  A meliai (shapeshifter) (D:12)
  7 wind drakes
  A tengu simulacrum (Vaults:2)
  6 hornets
  5 red devils (Crypt:3)
  A tarantella (shapeshifter) (D:14)
  A hydra skeleton (Crypt:1)
  6 raiju
  3 blink frogs (Lair:4)
  2 ettin zombies
  Prince Ribbit (D:9)
  106 slime creatures
  2 harpy skeletons (Crypt:3)
  A dream sheep (shapeshifter) (Vaults:5)
  8 snapping turtles
  14 air elementals
  A frost giant simulacrum (Vaults:3)
  23 flying skulls
  An ettin skeleton (Vaults:2)
  5 spriggans
  A jumping spider (shapeshifter) (Vaults:5)
  6 shadows (Crypt:3)
  An alligator skeleton (Hell)
  2 centaur simulacra
  A satyr skeleton (Crypt:2)
  9 large abominations
  2 wyverns
  A black mamba zombie (Crypt:1)
  5 vampires (Crypt:3)
  56 yaks
  8 water elementals
  4 fire elementals
  A yak (shapeshifter) (D:13)
  18 wraiths
  2 ynoxinuls
  3 dire elephant simulacra
  4 basilisks
  A chaos spawn (Abyss:3)
  A fire bat (shapeshifter) (Depths:4)
  A neqoxec (Abyss:3)
  5 golden eyes (Abyss:3)
  6 vampire mosquitoes
  3 redbacks (Vaults:4)
  A steam dragon (Lair:6)
  A harpy simulacrum (Crypt:2)
  43 nagas
  9 wargs
  6 acid dragons
  A swamp worm (shapeshifter) (Depths:3)
  31 water moccasins
  4 spatial vortices (Abyss:3)
  A two-headed ogre zombie (Crypt:1)
  18 hell hounds
  A meliai simulacrum (D:15)
  Duvessa (D:5)
  A naga skeleton (Crypt:1)
  A floating eye (Depths:1)
  A swamp drake (Lair:6)
  48 orc warriors
  12 black bears
  A hornet zombie (D:8)
  An ice beast (D:5)
  2 sky beasts
  A black bear (shapeshifter) (Abyss:2)
  An alligator simulacrum (Hell)
  5 boggarts
  6 centaurs
  28 wolves
  A necrophage (Crypt:1)
  A wolf (shapeshifter) (D:13)
  11 ogres
  An orc skeleton (Vaults:1)
  A lemure (D:5)
  An elephant skeleton (Crypt:1)
  2 phantoms (D:5)
  A kobold brigand (D:8)
  11 small abominations
  16 bullfrogs
  Blork the orc (D:5)
  A wyvern zombie (D:8)
  3 scorpions (D:11)
  3 glowing shapeshifter simulacra
  3 gnoll sergeants
  A wyvern skeleton (D:6)
  Dowan (D:5)
  2 shapeshifter zombies
  A raiju zombie (Crypt:1)
  13 killer bees
  8 wights
  An electric eel (Lair:1)
  8 howler monkeys
  3 bullfrog zombies
  6 centaur zombies
  A quasit (Abyss:3)
  37 orc priests
  A basilisk zombie (Crypt:1)
  4 hounds
  5 jellies (D:7)
  A centaur skeleton (D:7)
  A black bear skeleton (Crypt:2)
  A gnoll shaman (D:8)
  4 iguanas
  7 hell rats (Hell)
  40 orc wizards
  An acid dragon skeleton (Crypt:2)
  A hound zombie (D:5)
  A hound skeleton (D:4)
  13 gnolls
  28 adders
  2 howler monkey skeletons
  2 shadow imps
  3 white imps
  An ufetubus (Vaults:2)
  2 adder skeletons (D:4)
  An iguana skeleton (Crypt:2)
  A worm (D:2)
  2 dart slugs (D:4)
  An orc (shapeshifter) (Vaults:5)
  102 orcs
  6 ball pythons
  21 endoplasms
  3 giant cockroaches
  8 goblins
  6 hobgoblins
  10 kobolds
  3 quokkas
  7 bats
  5 frilled lizards
  2 rats (D:2)
  A bush (Temple)
  A butterfly (Lair:1)
  4 fire vortices (Hell)
  A lurking horror (Abyss:2)
  A plant (Depths:1)
  A tentacle (Shoals:3)
  A toadstool (D:6)
2700 creatures vanquished.

Vanquished Creatures (collateral kills)
  A storm dragon (Zot:4)
  A ghost moth (Zot:4)
  A green draconian (Zot:4)
  A yellow draconian (Zot:3)
  A white draconian (Zot:4)
  A phantasmal warrior (Crypt:2)
6 creatures vanquished.

Vanquished Creatures (others)
  A blizzard demon (WizLab)
  A spriggan air mage (WizLab)
  A dancing weapon (Elf:2)
  A shock serpent (WizLab)
  An air elemental (WizLab)
  105 fire vortices
  66 fungi
  149 plants
  3 tentacles (Shoals:3)
  4 toadstools (D:6)
  40 withered plants
372 creatures vanquished.

Grand Total: 3078 creatures vanquished

Notes
Turn   | Place    | Note
-------+----------+-------------------------------------------
     0 | D:1      | FLACIDUS the Gargoyle Earth Elementalist began the quest
                  | for the Orb.
     0 | D:1      | Reached XP level 1. HP: 10/10 MP: 3/3
   637 | D:1      | Reached XP level 2. HP: 4/15 MP: 3/5
   873 | D:1      | Reached skill level 4 in Earth Magic
  1310 | D:2      | Reached XP level 3. HP: 9/19 MP: 3/6
  2451 | D:2      | Reached XP level 4. HP: 23/24 MP: 8/8
  2533 | D:2      | Found a faded altar of an unknown god.
  2629 | D:2      | Found Tyuman's Jewellery Shop.
  2638 | D:2      | Learned a level 3 spell: Stone Arrow
  2641 | D:2      | Learned a level 2 spell: Passwall
  3034 | D:3      | Reached skill level 1 in Conjurations
  3270 | D:3      | Reached skill level 5 in Earth Magic
  3684 | D:3      | Reached XP level 5. HP: 25/28 MP: 9/9
  4703 | D:4      | Reached XP level 6. HP: 21/32 MP: 11/11
  4836 | D:4      | Found Rysateikk's Jewellery Shop.
  5303 | D:4      | Found a large runed translucent door.
  5308 | D:4      | Found a large runed translucent door.
  5336 | D:4      | Noticed FLACIDUS's ghost (novice GrEE)
  5721 | D:4      | Killed FLACIDUS's ghost
  5722 | D:4      | Reached skill level 6 in Earth Magic
  5722 | D:4      | Reached XP level 7. HP: 36/36 MP: 1/13
  5837 | D:5      | Entered Level 5 of the Dungeon
  5843 | D:5      | Reached skill level 5 in Conjurations
  6095 | D:5      | Noticed Pikel
  6096 | D:5      | Noticed Blork the orc
  6175 | D:4      | Killed Pikel
  6176 | D:4      | Reached skill level 5 in Spellcasting
  6176 | D:4      | Reached skill level 7 in Earth Magic
  6176 | D:4      | Reached XP level 8. HP: 41/41 MP: 10/15
  6279 | D:5      | Killed Blork the orc
  6786 | D:5      | Reached skill level 8 in Earth Magic
  7030 | D:5      | Noticed Dowan
  7128 | D:5      | Noticed Duvessa
  7135 | D:5      | Killed Dowan
  7136 | D:5      | Reached XP level 9. HP: 39/45 MP: 2/18
  7246 | D:5      | Killed Duvessa
  8091 | D:6      | Reached skill level 9 in Earth Magic
  8428 | D:6      | Noticed Maggie
  8433 | D:6      | Killed Maggie
  8581 | D:6      | Identified the +10 falchion of the Common Good {vorpal,
                  | Int+5}
  8933 | D:7      | Found a staircase to the Ecumenical Temple.
  8959 | Temple   | Entered the Ecumenical Temple
  9044 | Temple   | Became a worshipper of Vehumet
  9559 | D:7      | Reached skill level 10 in Earth Magic
  9681 | D:7      | Found a shimmering altar of Xom.
 10218 | D:8      | Reached XP level 10. HP: 50/50 MP: 21/21
 10640 | D:8      | Noticed a manticore
 10656 | D:8      | Killed a manticore
 10756 | D:8      | Learned a level 3 spell: Swiftness
 10761 | D:8      | Learned a level 4 spell: Petrify
 10860 | D:8      | Noticed a two-headed ogre
 10860 | D:8      | Noticed a centaur warrior
 10873 | D:8      | Killed a two-headed ogre
 10874 | D:8      | Reached skill level 11 in Earth Magic
 11074 | D:8      | Killed a centaur warrior
 11074 | D:8      | Reached * piety under Vehumet
 11074 | D:8      | Offered knowledge of Magic Dart by Vehumet.
 11075 | D:8      | Reached skill level 10 in Conjurations
 11942 | D:9      | Reached XP level 11. HP: 54/54 MP: 23/23
 12183 | D:9      | Noticed Prince Ribbit
 12218 | D:9      | Killed Prince Ribbit
 12219 | D:9      | Reached skill level 12 in Earth Magic
 13022 | D:9      | Offered knowledge of Foxfire by Vehumet.
 13062 | D:9      | Reached ** piety under Vehumet
 13383 | D:9      | Found a staircase to the Orcish Mines.
 13480 | D:10     | Entered Level 10 of the Dungeon
 14604 | D:11     | Found a staircase to the Lair.
 14693 | Lair:1   | Entered Level 1 of the Lair of Beasts
 14783 | Lair:1   | Reached skill level 13 in Earth Magic
 14897 | Lair:1   | Noticed a seven-headed hydra
 14903 | Lair:1   | Killed a seven-headed hydra
 14904 | Lair:1   | Reached skill level 10 in Spellcasting
 14994 | Lair:1   | Offered knowledge of Static Discharge by Vehumet.
 15042 | Lair:1   | Reached skill level 1 in Fighting
 15351 | Lair:1   | Reached XP level 12. HP: 45/62 MP: 23/26
 15671 | Lair:1   | Reached *** piety under Vehumet
 15833 | Lair:1   | Offered knowledge of Ignite Poison by Vehumet.
 16839 | Lair:2   | Reached skill level 5 in Fighting
 17187 | Lair:2   | Reached skill level 14 in Earth Magic
 17899 | Lair:2   | Reached **** piety under Vehumet
 18415 | Lair:3   | Noticed a boulder beetle
 18906 | Lair:3   | Offered knowledge of Freezing Cloud by Vehumet.
 19083 | Lair:3   | Reached XP level 13. HP: 72/72 MP: 28/28
 19152 | Lair:3   | Found a staircase to the Snake Pit.
 19423 | Lair:3   | Reached skill level 15 in Earth Magic
 19967 | D:4      | Bought an amulet of magic regeneration for 420 gold pieces
 20263 | Lair:3   | Found a blossoming altar of Fedhas.
 20644 | Lair:3   | Found a runed translucent gate.
 20645 | Lair:3   | Found a runed translucent gate.
 20646 | Lair:3   | Found a runed translucent gate.
 20647 | Lair:3   | Noticed Luuwnalu's ghost (journeyman KoHu)
 20647 | Lair:3   | Noticed Xiemaice's ghost (journeyman DrFE)
 20842 | Lair:3   | Found a staircase to the Shoals.
 22059 | Lair:4   | Reached ***** piety under Vehumet
 22089 | Lair:4   | Offered knowledge of Lightning Bolt by Vehumet.
 22402 | Lair:4   | Identified the +9 war axe of Ypnuc {vorpal, +Blink rElec
                  | rF+ Int-3}
 22499 | Lair:4   | Reached skill level 16 in Earth Magic
 23171 | Lair:5   | Gained mutation: Your large and strong wings let you fly.
                  | [Gargoyle growth]
 23171 | Lair:5   | Reached XP level 14. HP: 58/78 MP: 22/30
 23760 | Lair:5   | Reached skill level 15 in Conjurations
 23928 | Lair:5   | Found a staircase to the Slime Pits.
 23928 | Lair:5   | Found a viscous altar of Jiyva.
 24331 | Lair:6   | Entered Level 6 of the Lair of Beasts
 24340 | Lair:5   | Reached skill level 1 in Armour
 25837 | Lair:6   | Reached skill level 17 in Earth Magic
 26312 | Lair:6   | Identified the +3 quarterstaff of the Middle {vorpal, rElec
                  | Dex-4 Stlth+}
 26348 | Lair:6   | Learned a level 7 spell: Orb of Destruction
 26354 | Lair:6   | Learned a level 5 spell: Iskenderun's Battlesphere
 26360 | Lair:6   | Learned a level 5 spell: Fireball
 26454 | Lair:6   | Reached skill level 1 in Fire Magic
 27578 | Lair:6   | Reached XP level 15. HP: 82/82 MP: 32/32
 28038 | D:11     | Found a portal to a secret trove of treasure.
 28038 | D:11     | Noticed Maurice
 28040 | D:11     | Killed Maurice
 28447 | D:11     | Found Taukhlakh's Book Shoppe.
 28522 | D:11     | Found Zuso's Weapon Emporium.
 28654 | D:11     | Found Ruumigy's Magic Scroll Shoppe.
 28661 | D:11     | Bought a scroll of blinking for 82 gold pieces
 28662 | D:11     | Found Usohul's Jewellery Emporium.
 28675 | D:11     | Bought the ring "Lumijys" {Fly rPois rF+ rC+} for 683 gold
                  | pieces
 28685 | D:11     | Noticed Erolcha
 29024 | D:12     | Offered knowledge of Starburst by Vehumet.
 29481 | D:10     | Learned a level 6 spell: Starburst
 29555 | Orc:1    | Entered Level 1 of the Orcish Mines
 30165 | Orc:2    | Entered Level 2 of the Orcish Mines
 30408 | Orc:2    | Reached skill level 5 in Fire Magic
 30615 | Orc:2    | Found Alayloy's Gadget Gallery.
 30738 | Orc:2    | Noticed an orc warlord
 30758 | Orc:2    | Killed an orc warlord
 30816 | Orc:2    | Reached ****** piety under Vehumet
 30822 | Orc:2    | Noticed an orc warlord
 30850 | Orc:2    | Killed an orc warlord
 30850 | Orc:2    | Offered knowledge of Irradiate by Vehumet.
 31568 | Orc:2    | Found a staircase to the Elven Halls.
 31647 | Orc:2    | Found Irikhla's Antique Armour Emporium.
 31648 | Orc:2    | Found Rosall Elue's Antique Weapon Shoppe.
 31650 | Orc:2    | Found Bobik's General Store.
 31650 | Orc:2    | Found Mylousimm's Jewellery Emporium.
 31655 | Orc:2    | Bought a scroll of fear for 49 gold pieces
 32043 | D:11     | Killed Erolcha
 33390 | Shoals:1 | Entered Level 1 of the Shoals
 33397 | Shoals:1 | Identified Roxanne's Catalogue of Transformation
 33397 | Shoals:1 | Noticed Roxanne
 33504 | Shoals:1 | Killed Roxanne
 33567 | Shoals:1 | Found Fueletae's Self-Improvement Boutique.
 33721 | Shoals:1 | Found Jutytz's Distillery.
 34003 | Shoals:1 | You are sucked into a shaft and drop 1 floor!
 34010 | Shoals:2 | Offered knowledge of Lee's Rapid Deconstruction by Vehumet.
 34011 | Shoals:2 | Reached XP level 16. HP: 73/88 MP: 33/34
 34153 | Shoals:2 | Noticed Ilsuiw
 34168 | Shoals:2 | Killed Ilsuiw
 34169 | Shoals:2 | Reached skill level 10 in Fire Magic
 35641 | Shoals:2 | Reached skill level 15 in Spellcasting
 36225 | Shoals:3 | Noticed a kraken
 36227 | Shoals:3 | Killed a kraken
 36648 | Shoals:4 | Entered Level 4 of the Shoals
 36648 | Shoals:4 | Noticed Nikola
 36964 | Shoals:3 | Killed Nikola
 37349 | Shoals:4 | Noticed Polyphemus
 37491 | Shoals:4 | Offered knowledge of Ozocubu's Refrigeration by Vehumet.
 38036 | Shoals:4 | Identified the +3 great mace "Qinah" {vorpal, rElec rPois
                  | Dex-4}
 38039 | Shoals:4 | Reached XP level 17. HP: 86/93 MP: 36/36
 38199 | Shoals:4 | Noticed a sphinx
 38203 | Shoals:4 | Killed a sphinx
 38428 | Shoals:4 | Noticed Louise
 38433 | Shoals:4 | Killed Louise
 38675 | Shoals:4 | Noticed Donald
 38681 | Shoals:4 | Killed Donald
 38845 | Shoals:4 | Killed Polyphemus
 39071 | Shoals:4 | Reached skill level 1 in Shields
 39244 | Shoals:4 | Got the Disquisition on Evil and the Traveller
 39350 | Shoals:4 | Noticed a sphinx
 39357 | Shoals:4 | Killed a sphinx
 39416 | Shoals:4 | Got a barnacled rune of Zot
 39584 | Snake:1  | Entered Level 1 of the Snake Pit
 39797 | D:11     | Bought a book of Annihilations for 840 gold pieces
 39807 | D:11     | Learned a level 9 spell: Shatter
 40028 | Snake:1  | Reached skill level 18 in Earth Magic
 40206 | Snake:1  | Offered knowledge of Iron Shot by Vehumet.
 41133 | Snake:2  | Reached XP level 18. HP: 90/98 MP: 25/38
 42536 | Snake:3  | Reached skill level 19 in Earth Magic
 42677 | Snake:3  | Found a burning altar of Makhleb.
 42753 | Snake:3  | Found Umpouhyi's General Store.
 42770 | Snake:3  | Found Nidd's Distillery.
 42779 | Snake:3  | Bought a potion of magic for 96 gold pieces
 42981 | Snake:3  | Offered knowledge of Maxwell's Capacitive Coupling by
                  | Vehumet.
 43009 | Snake:3  | Learned a level 5 spell: Borgnjor's Vile Clutch
 43124 | Snake:3  | Found Viegaw's Book Shoppe.
 43459 | Snake:4  | Entered Level 4 of the Snake Pit
 43964 | Snake:4  | Reached skill level 20 in Earth Magic
 44194 | Snake:4  | Reached skill level 15 in Fire Magic
 44313 | Snake:4  | Noticed Vashnia
 44320 | Snake:4  | Killed Vashnia
 44666 | Snake:4  | Got a serpentine rune of Zot
 45311 | D:12     | Identified the +9 mace of Articulation {vorpal, Stlth+}
 45313 | D:12     | Offered knowledge of Lehudib's Crystal Spear by Vehumet.
 45313 | D:12     | Offered knowledge of Ignition by Vehumet.
 45313 | D:12     | Offered knowledge of Maxwell's Capacitive Coupling by
                  | Vehumet.
 45497 | Lair:3   | Killed Luuwnalu's ghost
 45501 | Lair:3   | Killed Xiemaice's ghost
 45906 | D:12     | Reached XP level 19. HP: 103/103 MP: 37/40
 45951 | D:12     | Found Raruboim's General Store.
 46737 | D:13     | Found Fyten's Armour Shoppe.
 46751 | D:13     | Noticed Frances
 46757 | D:13     | Killed Frances
 47198 | D:13     | Noticed Josephine
 47202 | D:13     | Killed Josephine
 47317 | D:13     | Reached skill level 21 in Earth Magic
 47392 | D:13     | Found a gate to the Vaults.
 47453 | D:14     | Found an iron altar of Okawaru.
 47894 | D:14     | Identified the +1 ring mail of Amusesa {Str+4}
 48069 | D:14     | Found Kuduad's Antique Weapon Emporium.
 48331 | D:15     | Entered Level 15 of the Dungeon
 48335 | D:15     | Noticed Rupert
 48339 | D:15     | Paralysed by Rupert for 4 turns
 48344 | D:15     | Killed Rupert
 48923 | D:15     | Found a staircase to the Depths.
 49187 | Vaults:1 | Entered Level 1 of the Vaults
 49312 | Vaults:1 | Reached skill level 22 in Earth Magic
 49569 | Vaults:1 | You are sucked into a shaft and drop 1 floor!
 49596 | Vaults:2 | Reached XP level 20. HP: 75/108 MP: 15/41
 50126 | Vaults:1 | Found Gog Ruco's Weapon Boutique.
 51205 | Vaults:2 | Reached skill level 23 in Earth Magic
 51468 | Vaults:2 | Found a staircase to the Crypt.
 51988 | Vaults:2 | Cast into level 2 of the Abyss (a wizard)
 52068 | Abyss:2  | Found a corrupted altar of Lugonu.
 52390 | Vaults:2 | Escaped the Abyss
 52528 | Vaults:2 | Learned a level 8 spell: Lehudib's Crystal Spear
 52864 | Vaults:2 | Identified the +1 hat of Cocytus {+Blink Dex+3}
 52885 | Vaults:2 | Found a radiant altar of Vehumet.
 52901 | Vaults:2 | Learned a level 6 spell: Iron Shot
 52978 | Vaults:2 | Paralysed by a great orb of eyes for 4 turns
 53085 | Vaults:3 | Reached skill level 5 in Shields
 53152 | Vaults:3 | Identified a scroll of acquirement
 53153 | Vaults:3 | Acquired a staff of conjuration
 53312 | Vaults:3 | Noticed Sojobo
 53317 | Vaults:3 | Killed Sojobo
 53318 | Vaults:3 | Reached XP level 21. HP: 80/112 MP: 33/43
 54431 | Vaults:3 | Identified the +5 ring mail "Imymp" {Int-5 Slay-3 SInv
                  | Stlth+}
 55591 | Vaults:4 | Found a huge runed gate.
 55591 | Vaults:4 | Found a huge runed gate.
 55591 | Vaults:4 | Found a huge runed gate.
 55591 | Vaults:4 | Found a huge runed gate.
 55593 | Vaults:4 | Found a huge runed gate.
 55594 | Vaults:4 | Found a huge runed gate.
 55624 | Vaults:4 | Found a huge runed gate.
 55624 | Vaults:4 | Found a huge runed gate.
 55626 | Vaults:4 | Found a huge runed gate.
 55626 | Vaults:4 | Found a huge runed gate.
 55631 | Vaults:4 | Found a huge runed gate.
 55631 | Vaults:4 | Found a huge runed gate.
 55631 | Vaults:4 | Found a huge runed gate.
 55631 | Vaults:4 | Found a huge runed gate.
 55631 | Vaults:4 | Found a huge runed gate.
 55631 | Vaults:4 | Found a huge runed gate.
 55632 | Vaults:4 | Found a huge runed gate.
 55633 | Vaults:4 | Found a huge runed gate.
 55634 | Vaults:4 | Found a huge runed gate.
 55642 | Vaults:4 | Found a huge runed gate.
 55642 | Vaults:4 | Found a huge runed gate.
 55642 | Vaults:4 | Found a huge runed gate.
 55642 | Vaults:4 | Found a huge runed gate.
 55642 | Vaults:4 | Found a huge runed gate.
 55642 | Vaults:4 | Found a huge runed gate.
 55643 | Vaults:4 | Found a huge runed gate.
 55644 | Vaults:4 | Found a huge runed gate.
 55645 | Vaults:4 | Found a huge runed gate.
 55653 | Vaults:4 | Found a huge runed gate.
 55653 | Vaults:4 | Found a huge runed gate.
 55653 | Vaults:4 | Found a huge runed gate.
 55653 | Vaults:4 | Found a huge runed gate.
 55653 | Vaults:4 | Found a huge runed gate.
 55653 | Vaults:4 | Found a huge runed gate.
 55654 | Vaults:4 | Found a huge runed gate.
 55655 | Vaults:4 | Found a huge runed gate.
 55811 | Vaults:4 | Identified the +1 ring mail "Ceoff" {Dex+3}
 56415 | Vaults:4 | Reached skill level 24 in Earth Magic
 56820 | Elf:1    | Entered Level 1 of the Elven Halls
 56913 | Elf:1    | Found Zoeveaz's Firing Range.
 56982 | Elf:1    | Found Paibemol's Magic Scroll Shoppe.
 56992 | Elf:1    | Bought a scroll of teleportation for 42 gold pieces
 56992 | Elf:1    | Bought 3 scrolls of teleportation for 126 gold pieces
 57124 | Elf:1    | Identified the ring of Compulsion {rF+ rN+ Str+3 Int+3
                  | Dex+6}
 57166 | Elf:1    | Paralysed by an air elemental for 1 turns
 57863 | Elf:2    | Reached XP level 22. HP: 117/117 MP: 45/45
 58206 | Elf:2    | Found Qyemason's Armour Shop.
 58207 | Elf:2    | Found Xidien's Distillery.
 58222 | Elf:2    | Learned a level 9 spell: Fire Storm
 58227 | Elf:2    | Bought a potion of heal wounds for 70 gold pieces
 58227 | Elf:2    | Bought a potion of heal wounds for 70 gold pieces
 58227 | Elf:2    | Bought a potion of brilliance for 56 gold pieces
 58227 | Elf:2    | Bought a potion of brilliance for 56 gold pieces
 58335 | Elf:2    | Found a runed translucent gate.
 58340 | Elf:2    | Found a runed translucent gate.
 58340 | Elf:2    | Found a runed translucent gate.
 58687 | Elf:2    | Found Qyniwkeu's Antique Weapon Shop.
 59216 | Elf:2    | Reached skill level 10 in Shields
 59428 | Elf:3    | Entered Level 3 of the Elven Halls
 59617 | Elf:3    | Identified the +8 plate armour of Usemecir {rCorr}
 59902 | Elf:3    | HP: 3/117 [deep elf master archer/arrow (30)]
 59903 | Elf:3    | HP: 1/117 [deep elf master archer/arrow (2)]
 60457 | Elf:3    | Identified the +3 chain mail "Nifo" {Slay+5}
 60573 | Elf:3    | Identified the ring "Riuku" {Slay+4 SInv}
 61130 | Elf:3    | Found Luenarur's Weapon Boutique.
 61388 | Elf:3    | Reached XP level 23. HP: 87/121 MP: 33/46
 61537 | Elf:3    | Identified the +6 morningstar "Tegoiw" {drain, Dex+3}
 61590 | Elf:3    | Got the Tome of Snow and Transformation
 61593 | Elf:3    | Got Ydithrurgh's Volume of Captivating Moulding
 61738 | Elf:3    | Got the Grimoire of Fiery Weightlessness
 61778 | Elf:3    | Cast into level 3 of the Abyss (a deep elf demonologist)
 62190 | Elf:3    | Escaped the Abyss
 62361 | Elf:3    | Acquired 540 gold pieces
 62651 | D:13     | Bought a +1 kite shield of cold resistance for 280 gold
                  | pieces
 63334 | Depths:1 | Entered Level 1 of the Depths
 63356 | Depths:1 | Found a gateway to Hell.
 63495 | Depths:1 | Noticed Saint Roka
 63499 | Depths:1 | Killed Saint Roka
 63543 | Depths:1 | Found a magical portal.
 63635 | WizLab   | Entered The Chambers of the Cloud Mage
 64334 | WizLab   | Paralysed by an air elemental for 1 turns
 64712 | WizLab   | Identified the ring of Wethapp {rC+ Stlth+}
 65283 | Depths:1 | Found a white marble altar of Elyvilon.
 65640 | Depths:1 | Found a one-way gateway to a ziggurat.
 65680 | Depths:1 | You are sucked into a shaft and drop 1 floor!
 65680 | Depths:2 | Found a one-way gate leading to the halls of Pandemonium.
 66111 | Depths:2 | Reached skill level 25 in Earth Magic
 66240 | Depths:2 | Found a transporter.
 66255 | Depths:2 | Found a viscous altar of Jiyva.
 66255 | Depths:2 | Found a transporter.
 66829 | Depths:2 | Identified the ring "Mugess" {rF+ Will+ Str+4}
 67264 | Depths:3 | Paralysed by a great orb of eyes for 4 turns
 67642 | Depths:3 | Reached XP level 24. HP: 93/127 MP: 29/47
 67868 | Depths:3 | Noticed a juggernaut
 67873 | Depths:3 | Killed a juggernaut
 67875 | Depths:3 | Noticed a juggernaut
 68061 | Depths:3 | Killed a juggernaut
 68216 | Depths:3 | Identified the +0 pair of gloves of Wefrealu {Regen+ rCorr}
 68543 | Depths:3 | Found a one-way gate to the infinite horrors of the Abyss.
 68922 | Depths:3 | Found a snail-covered altar of Cheibriados.
 69167 | Depths:3 | Reached skill level 15 in Shields
 69416 | Depths:4 | Entered Level 4 of the Depths
 69454 | Depths:4 | Found an opulent altar of Gozag.
 70468 | Depths:4 | Found a gate to the Realm of Zot.
 71903 | Vaults:5 | Entered Level 5 of the Vaults
 71917 | Vaults:4 | Learned a level 8 spell: Ignition
 71926 | Vaults:5 | Identified the +6 trident "Killer Bee's Foe" {elec, rC+ rN+
                  | Dex+5}
 72104 | Vaults:5 | Noticed a dread lich
 72107 | Vaults:5 | Killed a dread lich
 72113 | Vaults:5 | Identified the +5 halberd of the Solstice {vorpal, rCorr}
 72268 | Vaults:5 | Paralysed by a sphinx for 6 turns
 72278 | Vaults:4 | Reached XP level 25. HP: 106/131 MP: 22/47
 72638 | Vaults:5 | Noticed a dread lich
 72641 | Vaults:5 | Killed a dread lich
 73009 | Vaults:5 | Identified the ring of Qaenioch {rElec rC+ rN++ Dex+4}
 73085 | Vaults:5 | Noticed an ancient lich
 73088 | Vaults:5 | Killed an ancient lich
 73356 | Vaults:5 | Found Xuiruon's Assorted Antiques.
 73575 | Vaults:5 | Got the Volume of Burning Transformation
 73742 | Vaults:5 | Cast into level 3 of the Abyss (a deep elf sorcerer)
 73792 | Abyss:3  | Found a corrupted altar of Lugonu.
 73811 | Abyss:3  | Found a corrupted altar of Lugonu.
 74550 | Vaults:5 | Escaped the Abyss
 74754 | Vaults:5 | Got a silver rune of Zot
 75469 | Crypt:1  | Entered Level 1 of the Crypt
 75983 | Crypt:1  | Identified the +5 war axe "Orb Guardian's Peril" {venom,
                  | *Noise *Slow Dex+6}
 77189 | Crypt:2  | Noticed Mennas
 77192 | Crypt:2  | Killed Mennas
 77547 | Crypt:2  | Identified the +6 long sword of Ixkoub {flame, rC+ Str+2}
 77590 | Crypt:2  | Found the +5 sword of Power {vorpal}
 77751 | Crypt:2  | Found a runed translucent gate.
 77752 | Crypt:2  | Found a runed translucent gate.
 77752 | Crypt:2  | Found a runed translucent gate.
 77753 | Crypt:2  | Found the +10 tower shield of Ignorance {rN+ Int-4}
 77755 | Crypt:2  | Noticed Roocroe's ghost (veteran MiGl)
 77763 | Crypt:2  | Killed Roocroe's ghost
 77771 | Crypt:2  | Identified the +1 pair of gloves "Mummojing" {Rampage
                  | +Blink Str-3 Int+2}
 78136 | Crypt:3  | Entered Level 3 of the Crypt
 78806 | Crypt:3  | Reached skill level 5 in Armour
 78814 | Crypt:3  | Paralysed by something for 6 turns
 79128 | Crypt:3  | Found a staircase to the Tomb.
 79382 | Crypt:3  | Noticed a dread lich
 79385 | Crypt:3  | Killed a dread lich
 79756 | Crypt:3  | Noticed an ancient lich
 79757 | Crypt:3  | Found an ancient bone altar of Kikubaaqudgha.
 79760 | Crypt:3  | Killed an ancient lich
 79766 | Crypt:3  | Noticed a dread lich
 79768 | Crypt:3  | Killed a dread lich
 79876 | Crypt:3  | Got the Volume of Dislocated Shape Shifting
 79891 | Crypt:3  | Reached XP level 26. HP: 138/138 MP: 42/48
 80863 | Hell     | Entered the Vestibule of Hell
 80863 | Hell     | Noticed Murray
 80863 | Hell     | Noticed Geryon
 80864 | Hell     | Killed Murray
 80868 | Hell     | Killed Geryon
 81981 | Hell     | Found a gateway to the decaying netherworld of Tartarus.
 82011 | Hell     | Found a gateway to the ashen valley of Gehenna.
 82093 | Hell     | Found a gateway to the freezing wastes of Cocytus.
 82376 | Hell     | Found a gateway to the Iron City of Dis.
 82526 | Hell     | Upgraded the game from 0.28-b1-25-g9875b3fc8c to 0.28.0
 82742 | Slime:1  | Entered Level 1 of the Pits of Slime
 84011 | Slime:5  | Entered Level 5 of the Pits of Slime
 84739 | Slime:5  | Found the +9 staff of Olgreb {rPois∞}
 84741 | Slime:5  | Noticed the Royal Jelly
 84775 | Slime:5  | Killed the Royal Jelly
 84888 | Slime:5  | Identified the +0 pearl dragon scales "Ymnisaet" {rPois
                  | rN+}
 84922 | Slime:5  | Got a slimy rune of Zot
 84926 | Slime:5  | Identified the +9 plate armour of the Shoals {rPois rF+
                  | Str+4}
 84955 | Slime:5  | Identified the +8 plate armour "Kytox Tuil" {Str+3 Int+3}
 84985 | Slime:5  | Identified the +0 cloak "Ykhlunaxu" {rC+}
 85530 | Zot:1    | Entered Level 1 of the Realm of Zot
 85943 | Zot:1    | Reached XP level 27. HP: 134/149 MP: 28/48
 87526 | Zot:2    | Reached skill level 10 in Armour
 88089 | Zot:2    | Reached skill level 10 in Fighting
 89525 | Zot:2    | Found a stormy altar of Qazlal.
 89786 | Zot:2    | Identified the +2 ice dragon scales of Befojoe {rElec rPois
                  | rF- rC++}
 90179 | Zot:3    | Found Parch's Changing Room.
 90222 | Zot:3    | Bought 2 potions of mutation for 304 gold pieces
 90222 | Zot:3    | Bought a potion of mutation for 152 gold pieces
 90222 | Zot:3    | Bought a potion of mutation for 152 gold pieces
 91978 | Zot:4    | Reached skill level 26 in Earth Magic
 93620 | Dis:1    | Entered Level 1 of the Iron City of Dis
 94181 | Dis:3    | Noticed a dread lich
 94185 | Dis:3    | Killed a dread lich
 94978 | Dis:5    | Killed from afar by an iron giant

Illustrated notes

Levels and vault maps discovered:
D:1:      sevenhm_arrival_forest_fort_large_2, layout_basic
D:2:      layout_loops_ring, serial_shops, shop, ebering_ecumenical_altar_hall,
          minmay_shallow_snake_nest
D:3:      layout_basic, kennysheep_generic_room_14
D:4:      layout_cave_pods, ebering_ghost_disaster_area, serial_shops,
          nicolae_shop_statue_plus
D:5:      layout_basic, minmay_strange_pillars, chequers_big_river,
          nicolae_sextant, kennysheep_generic_room_7, uniq_blork_the_orc,
          uniq_duvessa, uniq_pikel
D:6:      layout_rooms, serial_glass, glass_columns_b, glass_columns_b,
          minmay_gold_behind_fungi, lemuel_flame_loot_1, uniq_maggie
D:7:      lemuel_slime, layout_basic, dk_xom_monty_hall,
          minmay_temple_entry_purple_smoke, grunt_ministairs_9
D:8:      minmay_clustersquares, layout_basic
D:9:      layout_long_grid, david_orc_4, uniq_prince_ribbit1
D:10:     layout_long_grid
D:11:     layout_gridville, due_lair_maze_entry_diamond, enter_trove_0,
          serial_shops, shop_fountains, nicolae_stop_n_shop_2, shop_fountains,
          kennysheep_mini_moat, minmay_checkerbox, uniq_erolcha, uniq_maurice
D:12:     minmay_expanding_squares, layout_irregular_city, serial_shops,
          nicolae_shop_hallway_stairs
D:13:     layout_cave_pools, david_vaults_5, serial_shops, nicolae_shop_trees,
          uniq_josephine, uniq_frances
D:14:     minmay_the_grid_square_5x5_4x4_mashed
          [minmay_the_grid_square_5x5_empty,
          minmay_the_grid_square_5x5_three_small,
          minmay_the_grid_square_5x5_slash, minmay_the_grid_square_5x5_bridge,
          minmay_the_grid_square_5x5_meh,
          minmay_the_grid_square_5x5_prize_snowflake,
          minmay_the_grid_square_5x5_prize_junk,
          minmay_the_grid_square_5x5_sharp_hourglass,
          minmay_the_grid_square_5x5_hourglass,
          minmay_the_grid_square_5x5_prize_open,
          minmay_the_grid_square_5x5_prize_monsterx,
          minmay_the_grid_square_5x5_shrine1,
          minmay_the_grid_square_5x5_inner_v,
          minmay_the_grid_square_5x5_inverted_slash,
          minmay_the_grid_square_5x5_checkered_sparse,
          minmay_the_grid_square_5x5_beaten_path], layout_cave_pools,
          okawaru_trees_2, serial_shops, nicolae_lakefront_shop
D:15:     grunt_enter_depths_hoard, layout_rooms, uniq_rupert
Temple:   mainiacjoe_temple_circle_huts
Lair:1:   lemuel_reptile_caves, layout_loops_ring, serial_bayou_shore_b,
          infiniplex_staircase_pool_2, serial_bayou_shore_a,
          lemuel_fruit_fields, lemuel_fruit_fields
Lair:2:   layout_long_grid, enter_volcano_1, grunt_megastairs_5,
          infiniplex_staircase_pool, serial_bayou_shore_b
Lair:3:   layout_regular_city, elwin_shoals_entry_stream,
          guppyfry_snake_entry_garden, gammafunk_ghost_cemetery,
          hangedman_tree_tricks
Lair:4:   layout_cave_shapes
Lair:5:   layout_cave_pods, slime_altar_1
Lair:6:   guppyfry_lair_end_dragon, layout_cave_shapes,
          hangedman_lair_caniforms_friends
Shoals:1: layout_shoals, serial_shops, shop, nicolae_shop_self_help,
          uniq_roxanne
Shoals:2: layout_shoals, uniq_ilsuiw
Shoals:3: layout_shoals, nicolae_shoals_flooded_hall
Shoals:4: shoals_end_hellmonk_lost_city, uniq_louise, uniq_nikola,
          uniq_polyphemus, uniq_donald
Snake:1:  layout_rooms
Snake:2:  layout_basic, lemuel_fruit_tree
Snake:3:  layout_cave_town, serial_shops,
          nicolae_shop_temple_entry_statues_fountains, nicolae_take_the_stairs,
          shop, basic_altar, hangedman_snake_corridor_cut
Snake:4:  grunt_snake_rune_serpentine_throne, layout_misc_corridors
Slime:1:  layout_caves
Slime:2:  layout_caves
Slime:3:  layout_caves
Slime:4:  layout_caves
Slime:5
Orc:1:    layout_caves, basic_altar, statue_in_the_mist_lemuel
Orc:2:    st_orc_congregation, layout_diamond_mine, nicolae_shop_gadgets
Elf:1:    eino_elf_arrival_sip, layout_loops_cross, serial_shops,
          nicolae_shop_trees, hangedman_elf_disciples, nicolae_shop_firing_range
Elf:2:    elven_hall_of_blades_hangedman_original
          [nicolae_blade_entry_area_security], layout_loops_cross, serial_shops,
          nicolae_square_shop, nicolae_shop_window_shopping, shop, drop_trap,
          nicolae_concentric_dashed_squares_wild, st_stairs_6
Elf:3:    nooodl_elf_gasket, layout_loops_cross, serial_shops,
          nicolae_shop_bloodbath_and_beyond
Vaults:1: ontoclasm_vaults_decontamination, vaults_standard_mumra_lines,
          ontoclasm_vaults_ligature, nicolae_vaults_branching_niches,
          nicolae_vaults_ninety_degrees, hangedman_vaults_hat,
          grunt_vaults_funnel, nicolae_vaults_theta,
          vaults_room_grunt_arrival_ludios, nicolae_vaults_border_crossing,
          layout_vaults_omnicross, serial_shops, nicolae_shop_behind_doors
Vaults:2: grunt_tower_of_power, nicolae_vaults_triangles, v_misc_16, v_misc_16,
          v_misc_8, vaults_room_corners, vaults_room_fours, v_misc_5,
          serial_ice_h, ontoclasm_vaults_tryst, v_rooms_6,
          vaults_room_fancy_cross, v_misc_19, minmay_crypt_entry_simple_sparse,
          hangedman_vaults_slice, layout_vaults_omnibox
Vaults:3: vaults_room_door_ring, v_alt_pattern_5,
          nicolae_vaults_stairing_the_circle, v_misc_24,
          hangedman_vaults_capsules, nicolae_vaults_yaktaur_gun_rack,
          nicolae_vaults_circle_grid_a, nicolae_vaults_what_the_h,
          layout_vaults_quadrants, uniq_sojobo
Vaults:4: grunt_vaults_swirl, v_alt_pattern_6, grunt_vaults_twisty,
          not_door_vault_due, v_misc_2, v_misc_30, ontoclasm_vaults_eye,
          v_misc_14, nicolae_vaults_little_squares_6, layout_vaults_big_room
Vaults:5
Crypt:1:  layout_rooms, grunt_crypt_arrival_split, grunt_megastairs_2
Crypt:2:  hangedman_hall_of_fallen_heroes, layout_gridlike,
          gammafunk_ghost_necromancy, uniq_mennas
Crypt:3:  quadcrypt_mu
Depths:1: layout_basic, enter_ziggurat_d, mu_enter_wizlab_7, hex_tiny,
          hell_entry, nicolae_elyvilon_temple_path, uniq_saint_roka
Depths:2: gammafunk_jiyva_shrine, layout_gridville, pan_entry,
          infiniplex_staircase_pillars_3a, hell_entry, serial_glass,
          glass_columns_b, glass_columns_a, glass_columns_a, glass_columns_a,
          glass_columns_a, glass_columns_a, glass_columns_b, glass_columns_a,
          glass_columns_a, glass_columns_b, minmay_liquid_box
Depths:3: hangedman_cross_cluster, layout_cross, cheibriados_altar_1,
          abyss_entry, pan_entry, serial_shops, hell_entry,
          ebering_dispersal_statue_hall
Depths:4: grunt_zot_entry_gee_three, layout_basic, grunt_hell_entry_dis_grunt,
          grunt_gozag_breadcrumbs
Hell
Dis:1:    layout_overlapping_boxes
Dis:2:    layout_gridville, hangedman_dis_chains
Dis:3:    layout_subdivisions
Dis:4:    layout_regular_city
Dis:5:    layout_gridville, nicolae_dis_having_a_grate_time
Zot:1:    kennysheep_blocky_room, layout_basic, st_stairs_4
Zot:2:    nicolae_zot_draconian_monastery, layout_misc_corridors
Zot:3:    layout_cathedral_of_symmetry, nicolae_transmutations_shop
Zot:4:    lemuel_draconian_sentries, layout_misc_corridors, st_stairs_12

Skill      XL: |  1  2  3  4  5  6  7  8  9 10 11 12 13 14 15 16 17 18 19 20 21 22 23 24 25 26 27 |
---------------+----------------------------------------------------------------------------------+-----
Earth Magic    | 4 5 6 7 8 10 11 13 14 16 17 18 20 22 23 24 25 26 | 26.7
Spellcasting   | 3 4 5 6 7 8 10 11 12 13 14 15 16 17 18 19 20 21 22 | 22.8
Conjurations   | 1 3 4 6 7 8 10 11 13 14 15 16 17 18 19 20 21 23 24 25 | 25.5
Fighting       | 2 5 6 9 10 | 10.4
Armour         | 4 6 9 12 | 12.1
Fire Magic     | 2 9 13 14 15 16 17 18 20 21 22 24 | 24.2
Shields        | 4 5 8 11 14 15 | 15.0
Dodging        | |  1.5
Stealth        | |  2.1
Transmutations | |  0.7

Action                   |  1- 3 |  4- 6 |  7- 9 | 10-12 | 13-15 | 16-18 | 19-21 | 22-24 | 25-27 || total
-------------------------+-------+-------+-------+-------+-------+-------+-------+-------+-------++-------
Melee: Unarmed           |    13 |       |       |       |       |       |       |       |       ||    13
       Club              |    43 |       |       |       |       |       |       |       |       ||    43
       Short sword       |    36 |   154 |    22 |       |       |       |       |       |       ||   212
       Falchion          |       |       |    49 |   130 |   117 |       |       |       |       ||   296
       Punch             |       |       |     1 |     3 |     5 |       |       |       |       ||     9
       Staff             |       |       |       |       |       |       |    36 |    82 |   481 ||   599
 Cast: Sandblast         |    14 |    25 |     8 |    27 |    10 |     4 |     1 |       |       ||    89
       Stone Arrow       |       |     9 |    89 |   365 |   645 |   121 |    51 |       |       ||  1280
       Orb of Destructio |       |       |       |       |    33 |    42 |    16 |     7 |       ||    98
       Fireball          |       |       |       |       |   133 |   383 |   273 |   116 |     4 ||   909
       Petrify           |       |       |       |       |     4 |     3 |       |       |       ||     7
       Iskenderun's Batt |       |       |       |       |     2 |     7 |       |       |       ||     9
       Starburst         |       |       |       |       |     2 |     2 |       |       |       ||     4
       Shatter           |       |       |       |       |       |    28 |   100 |    84 |    46 ||   258
       Borgnjor's Vile C |       |       |       |       |       |     4 |     7 |    45 |     2 ||    58
       Passwall          |       |       |       |       |       |       |     1 |     3 |     1 ||     5
       Iron Shot         |       |       |       |       |       |       |    91 |   291 |   433 ||   815
       Lehudib's Crystal |       |       |       |       |       |       |    14 |    35 |   111 ||   160
       Fire Storm        |       |       |       |       |       |       |       |       |   130 ||   130
       Ignition          |       |       |       |       |       |       |       |       |     8 ||     8
Evoke: Wand              |       |       |     3 |     1 |     3 |       |       |       |     2 ||     9
  Use: Scroll            |     1 |     5 |     3 |    12 |    12 |     4 |    12 |     9 |     1 ||    59
       Potion            |       |     2 |     1 |     1 |     1 |     3 |     8 |     3 |     3 ||    22
 Stab: Sleeping          |     3 |     1 |       |       |       |       |       |       |       ||     4
       Petrified         |       |       |       |       |     3 |       |       |       |       ||     3
       Distracted        |       |       |       |       |       |       |       |       |     4 ||     4
Armor: Robe              |    57 |    13 |    23 |   143 |   194 |    79 |    63 |    91 |   350 ||  1013
       Leather armour    |       |    84 |     3 |       |       |       |       |       |       ||    87
       Ring mail         |       |       |     1 |       |       |       |       |       |       ||     1
Dodge: Dodged            |    63 |    75 |    50 |   283 |   356 |    59 |    67 |    60 |   199 ||  1212
Block: Buckler           |       |       |       |       |       |     5 |    29 |    31 |       ||    65
       Kite shield       |       |       |       |       |       |       |       |    65 |   760 ||   825
       Reflection        |       |       |       |       |       |       |       |     8 |    13 ||    21
